 Dungeon Crawl Stone Soup version 0.20-a0-201-g851c6fa (webtiles) character file.

609 KristoblXynda the Chopper (level 7, -1/55 HPs)
             Began as a White Draconian Gladiator on Nov 24, 2016.
             Slain by an ogre
             ... wielding a +0 giant club
              (17 damage)
             ... on level 4 of the Dungeon.
             The game lasted 00:08:08 (4636 turns).

KristoblXynda the Chopper (DrGl)                    Turns: 4636, Time: 00:08:10

Health: -1/55      AC: 10    Str: 17    XL:     7   Next: 19%
Magic:  7/7        EV: 14    Int: 10    God:
Gold:   201        SH:  0    Dex: 12    Spells: 6/6 levels left

rFire  . . .     SeeInvis .     a - +0 war axe
rCold  + + .     Gourm    .     (armour unavailable)
rNeg   . . .     Faith    .     (no shield)
rPois  .         Spirit   .     b - +0 hat
rElec  .         Reflect  .     (no cloak)
rCorr  .         Harm     .     g - +2 pair of gloves
MR     .....                    (no boots)
Stlth  +.........               (no amulet)
                                p - ring of protection from cold
                                n - +1 ring of protection

@: short of breath
A: breathe frost, unfitting armour, cold resistance 1, cold-blooded, AC +6
a: Breathe Frost


You were on level 4 of the Dungeon.
You were not hungry.

You visited 1 branch of the dungeon, and saw 4 of its levels.

You collected 201 gold pieces.

Inventory:

Hand Weapons
 a - a +0 war axe (weapon)
Missiles
 c - 3 throwing nets (quivered)
Armour
 b - a +0 hat (worn)
 g - a +2 pair of gloves (worn)
Jewellery
 h - an uncursed ring of resist corrosion
 n - a +1 ring of protection (left hand)
 p - a ring of protection from cold (right hand)
Scrolls
 k - a scroll of random uselessness {unknown}
 l - a scroll of identify
Potions
 e - a potion of resistance
 m - 2 potions of curing
Books
 r - a book of Maledictions

   Spells                             Type                      Level
   a - Corona                         Hexes                        1
   b - Ensorcelled Hibernation        Hexes/Ice                    2
   c - Confuse                        Hexes                        3
   d - Tukima's Dance                 Hexes                        3
   e - Dazzling Spray                 Conjuration/Hexes            3
Comestibles
 d - 4 bread rations
 f - a meat ration
 i - 10 fruits
 o - a royal jelly


   Skills:
 - Level 2.1 Fighting
 * Level 6.7 Axes
 - Level 3.0 Throwing
 + Level 4.5 Dodging


You had 6 spell levels left.
You didn't know any spells.

Dungeon Overview and Level Annotations

Branches:
Dungeon (4/15)
 Temple: D:4-7

Altars:


Innate Abilities, Weirdness & Mutations

You can breathe waves of freezing cold.
You can buffet flying creatures when you breathe cold.
Your icy white scales are hard. (AC +6)
You cannot fit into any form of body armour.
Your flesh is cold resistant. (rC+)
You are cold-blooded and may be slowed by cold attacks.


Message History

The orc shouts noisily.
You have got your breath back.
Okay, then.
Press: ? - help, Shift-Dir - straight line, f - orc, p - ogre
Aim: an orc, wielding a club You exhale a wave of freezing cold.
The freezing breath hits the ogre.
The ogre is almost dead.
The freezing breath hits the orc.
You kill the orc!
You feel somewhat more hungry. The ogre barely misses you.
Unknown command.
You feel much better. The ogre hits you with a giant club!
* * * LOW HITPOINT WARNING * * *
You feel much better. The ogre hits you with a giant club!!
* * * LOW HITPOINT WARNING * * *
You barely miss the ogre.
You tail-slap the ogre, but do no damage.
The ogre is almost dead.
The ogre hits you with a giant club!
You die...

###..<.....#.### #......# #.##
###...o.#....#.# ##...... #.#.
....###....#...## #...... #...
....#####o......###.##### #...
....##....#..##...#.# #...
....#..###..#####...## #.#.
###...####.## ##....#####
##.#. #.....##..#
#..##..)..####.... #.###.##)##
##@#######......... ...
#..#.#####O.# #####...... ###
##.#.##..O.## ####.......##.
#...O##.#### #>.......#####
###.#.O#..# #####....##..#....
....##.#O###......#####.##....
#.###............ #...##....
..
#...#.....##########.####....
.........................#
#....


You could see 2 ogres.

Vanquished Creatures
  A phantom (D:4)
  2 ogres (D:4)
  A scorpion (D:4)
  An iguana (D:4)
  3 worker ants (D:4)
  9 gnolls
  4 adders
  An adder skeleton (D:4)
  A worm (D:3)
  2 dart slugs
  2 leopard geckos
  8 orcs
  2 giant cockroaches (D:2)
  2 goblins (D:1)
  9 hobgoblins
  10 jackals
  5 kobolds
  A ball python (D:2)
  5 bats
  10 frilled lizards
  10 rats
89 creatures vanquished.

Vanquished Creatures (others)
  A ball python (D:1)
1 creature vanquished.

Grand Total: 90 creatures vanquished

Notes
Turn   | Place    | Note
-------+----------+-------------------------------------------
     0 | D:1      | KristoblXynda the Draconian Gladiator began the quest for the Orb.
     0 | D:1      | Reached XP level 1. HP: 17/17 MP: 1/1
    34 | D:1      | Reached XP level 2. HP: 4/24 MP: 2/2
   728 | D:1      | Reached XP level 3. HP: 25/29 MP: 3/3
  1544 | D:2      | Reached skill level 4 in Axes
  1772 | D:2      | Reached XP level 4. HP: 3/36 MP: 4/4
  2727 | D:3      | Reached XP level 5. HP: 34/41 MP: 5/5
  3397 | D:4      | Reached skill level 5 in Axes
  3552 | D:4      | Noticed a phantom
  4004 | D:4      | Reached XP level 6. HP: 24/48 MP: 6/6
  4255 | D:4      | Reached skill level 6 in Axes
  4428 | D:4      | Your scales start taking on an icy white colour.
  4428 | D:4      | Reached XP level 7. HP: 32/55 MP: 7/7
  4428 | D:4      | Gained mutation: Your flesh is cold resistant. (rC+) [White Draconian growth]
  4636 | D:4      | Slain by an ogre

Vault maps used:
D:1:      erik_arrival_triangle_small, lemuel_flame_loot_1
D:3:      first_bread, hangedman_decor_growths

Skill      XL: |  1  2  3  4  5  6 |
---------------+-------------------+-----
Throwing       | 2 3 |  3.0
Dodging        | 3 4 |  4.5
Axes           | 4 5 6 |  6.7
Fighting       | |  2.1

Action                   |  1- 3 |  4- 6 |  7- 9 || total
-------------------------+-------+-------+-------++-------
Melee: War axe           |   130 |   216 |     7 ||   353
       Tailslap          |     8 |    34 |     2 ||    44
 Abil: Breathe Frost     |       |       |     3 ||     3
  Use: Potion            |     1 |       |     2 ||     3
       Scroll            |       |     8 |       ||     8
 Stab: Sleeping          |     3 |       |       ||     3
  Eat: Chunk             |     3 |     4 |     1 ||     8
       Pizza             |       |     2 |       ||     2
       Fruit             |       |     2 |       ||     2
Armor: Skin              |    40 |    82 |       ||   122
Dodge: Dodged            |   106 |   181 |     2 ||   289
